Map: [ESL] Data-C

Players

Lambo - Winner!

  • Race: Zerg Zerg
  • Spawn Location: 9:00

Strange

  • Race: Protoss Protoss
  • Spawn Location: 3:00

Event: DreamHack SC2 Masters 2022 Atlanta (Online)

VOD

Have the link to the VOD?

Description

Time

  • Played on: Oct. 12, 2022, 2:26 p.m.
  • Length: 10:17

All games in this series

Show
View Real Time Build Order
Export as new Build Order

Lambo Zerg - Winner!

Build Orders: Hatch First 

Get SALT Encoding   

  12  0:00  Drone  
  13  0:12  Overlord  
  13  0:16  Drone  
  14  0:31  Drone x2  
  16  0:48  Hatchery  
  15  0:51  Drone  
  15  0:54  Drone  
  17  0:58  Drone  
  18  1:09  Extractor  
  17  1:13  Spawning Pool  
  17  1:17  Drone  
  17  1:20  Drone  
  18  1:28  Drone  
  19  1:39  Drone  
  20  1:49  Drone  
  21  2:00  Queen x2  
  21  2:01  Zergling x2, Overlord  
  26  2:11  Drone x2  
  26  2:12  Metabolic Boost  
  28  2:22  Drone x2  
  30  2:33  Hatchery  
  30  2:35  Drone  
  30  2:39  Drone  
  30  2:43  Drone  
  30  2:44  Overlord  
  32  2:51  Queen  
  34  2:53  Drone  
  34  2:55  Drone  
  36  3:06  Queen  
  36  3:07  Overlord  
  36  3:08  Zergling x2  
  36  3:11  Drone x2  
  41  3:15  Drone  
  41  3:18  Drone x2  
  44  3:26  Drone  
  45  3:27  Queen  
  45  3:28  Overlord  
  47  3:37  Drone  
  47  3:41  Overlord  
  48  3:43  Zergling x2  
  48  3:47  Drone x4  
  48  3:48  Spore Crawler  
  52  3:50  Queen  
  52  3:51  Drone  
  55  3:57  Drone  
  55  3:58  Drone  
  55  3:59  Overlord  
  57  4:04  Drone x3  
  60  4:11  Overlord  
  60  4:13  Spore Crawler  
  60  4:15  Drone x2  
  61  4:20  Drone x4  
  61  4:22  Overlord  
  65  4:28  Drone x2  
  65  4:29  Roach Warren  
  66  4:33  Zergling x2  
  65  4:40  Zergling x14  
  65  4:43  Lair, Drone  
  65  4:45  Extractor  
  72  4:47  Extractor  
  70  4:57  Spore Crawler  
  67  5:00  Drone x7  
  67  5:04  Drone  
  67  5:06  Drone  
  76  5:08  Drone  
  76  5:11  Drone  
  76  5:12  Drone  
  79  5:16  Drone  
  79  5:17  Drone x2, Evolution Chamber  
  79  5:18  Drone x3  
  84  5:22  Hatchery  
  84  5:25  Drone x2  
  84  5:27  Drone x2  
  87  5:28  Drone  
  87  5:31  Drone  
  87  5:32  Drone  
  87  5:35  Extractor  
  88  5:36  Extractor  
  88  5:37  Drone, Extractor  
  88  5:40  Drone x3  
  88  5:41  Baneling Nest  
  88  5:42  Glial Reconstitution  
  89  5:44  Drone x2  
  89  5:46  Overlord  
  89  5:48  Drone  
  91  5:54  Zerg Missile Weapons Level 1  
  91  5:55  Drone, Spire  
  91  5:59  Drone x3  
  91  6:00  Drone  
  95  6:06  Drone  
  95  6:09  Roach x4  
  95  6:10  Overlord  
  104  6:11  Overlord  
  104  6:14  Overlord  
  104  6:16  Overlord  
  104  6:20  Overlord  
  104  6:22  Overlord  
  104  6:24  Overlord  
  104  6:25  Overlord  
  104  6:28  Roach x2  
  104  6:30  Extractor  
  107  6:34  Roach x4  
  107  6:37  Drone x2  
  107  6:38  Drone x2  
  119  6:42  Spore Crawler  
  119  6:46  Roach  
  119  6:47  Roach x2  
  124  6:50  Centrifugal Hooks  
  124  6:51  Drone x5  
  124  6:54  Overseer  
  128  7:06  Drone  
  128  7:07  Drone  
  130  7:09  Overlord  
  130  7:11  Overlord  
  130  7:15  Mutalisk x6  
  130  7:17  Mutalisk  
  130  7:19  Hatchery  
  130  7:22  Mutalisk x2  
  147  7:24  Mutalisk  
  149  7:30  Spine Crawler  
  149  7:31  Drone, Spine Crawler  
  149  7:32  Roach x4  
  149  7:37  Zergling x10  
  161  7:45  Zergling x16  
  161  7:48  Zerg Melee Weapons Level 1  
  161  7:49  Overlord  
  161  7:50  Ravager  
  161  7:51  Baneling x5, Ravager  
  171  7:52  Zergling x6  
  174  8:05  Zergling x18  
  183  8:10  Zergling x14  
  188  8:18  Zergling x2  
  188  8:19  Zergling x8  
  185  8:23  Roach x5  
  169  8:29  Roach x2  
  169  8:32  Zergling x2  
  169  8:33  Zergling x4  
  176  8:36  Zergling x6  
  176  8:37  Ravager  
  176  8:38  Ravager  
  176  8:39  Baneling x20  
  176  8:40  Baneling x5  
  181  8:42  Zergling x6  
  181  8:46  Zergling x10  
  181  8:48  Baneling x3  
  189  8:49  Baneling x2  
  189  8:50  Zergling x2  
  189  8:52  Zergling x4  
  189  8:55  Baneling x7  
  192  8:56  Zergling x4  
  192  8:59  Zergling x6  
  197  9:05  Zergling x4  
  188  9:16  Roach  
  188  9:17  Roach x11  
  187  9:20  Zergling x8  
  187  9:24  Zergling x10  
  187  9:25  Zergling x2  
  187  9:26  Zergling x2  
  187  9:28  Zergling x2  
  187  9:33  Roach x5  
  187  9:36  Baneling  
  187  9:37  Baneling x8  
  197  9:45  Zergling x8  
  197  9:49  Zergling x2  
  197  9:52  Baneling x10  
Show
View Real Time Build Order
Export as new Build Order

Strange Protoss 

Build Orders: 1 Gate Expand, Oracle Opening, Zealot Archon, Archon Drop 

Get SALT Encoding   

  12  0:00  Probe  
  13  0:12  Probe  
  14  0:19  Pylon  
  14  0:24  Probe  
  15  0:38  Probe (Chrono Boost)  
  15  0:39  Gateway  
  16  0:46  Probe (Chrono Boost)  
  16  0:47  Assimilator  
  17  0:52  Probe  
  18  1:04  Probe  
  19  1:16  Probe  
  20  1:25  Nexus  
  20  1:35  Cybernetics Core  
  20  1:38  Probe  
  21  1:44  Assimilator  
  21  1:51  Probe  
  22  1:54  Pylon  
  22  2:03  Probe (Chrono Boost)  
  23  2:12  Adept  
  23  2:15  Probe (Chrono Boost)  
  26  2:17  Stargate  
  27  2:22  Probe (Chrono Boost)  
  27  2:25  Warp Gate  
  27  2:29  Probe (Chrono Boost)  
  28  2:37  Probe (Chrono Boost)  
  28  2:41  Probe (Chrono Boost)  
  30  2:44  Stalker  
  30  2:46  Probe (Chrono Boost)  
  30  2:48  Probe (Chrono Boost)  
  34  2:51  Probe (Chrono Boost)  
  34  2:55  Probe  
  36  2:59  Oracle (Chrono Boost)  
  36  3:03  Probe  
  40  3:09  Probe  
  40  3:10  Pylon  
  41  3:16  Probe  
  42  3:21  Probe  
  42  3:22  Gateway  
  43  3:28  Probe  
  43  3:29  Oracle (Chrono Boost)  
  43  3:33  Probe  
  48  3:40  Probe  
  49  3:41  Pylon  
  49  3:45  Probe  
  50  3:52  Probe  
  51  3:56  Nexus  
  51  3:57  Probe  
  52  4:04  Probe  
  52  4:05  Assimilator  
  52  4:06  Assimilator  
  52  4:09  Probe  
  54  4:15  Adept  
  54  4:16  Probe  
  54  4:17  Shield Battery  
  57  4:18  Adept  
  57  4:21  Probe  
  60  4:29  Forge, Probe  
  60  4:30  Twilight Council  
  61  4:34  Probe  
  62  4:40  Robotics Facility  
  62  4:45  Pylon  
  62  4:58  Probe x2 (Chrono Boost)  
  58  5:06  Protoss Ground Weapons Level 1 (Chrono Boost)  
  58  5:07  Charge, Gateway  
  58  5:08  Gateway  
  58  5:09  Probe (Chrono Boost)  
  58  5:10  Sentry, Probe (Chrono Boost)  
  58  5:11  Sentry, Probe (Chrono Boost)  
  65  5:19  Probe (Chrono Boost), Pylon  
  65  5:20  Probe x2 (Chrono Boost)  
  68  5:24  Probe (Chrono Boost)  
  68  5:25  Probe (Chrono Boost)  
  69  5:29  Warp Prism (Chrono Boost)  
  69  5:32  Probe  
  69  5:34  Templar Archives, Probe  
  73  5:37  Probe  
  73  5:40  Zealot  
  73  5:41  Zealot  
  78  5:48  Gateway, Probe  
  78  5:49  Gateway  
  78  5:53  Probe  
  78  5:55  Gateway  
  79  5:58  Gateway  
  79  6:00  Probe  
  79  6:01  Photon Cannon  
  80  6:05  Probe  
  80  6:10  Assimilator  
  81  6:12  Assimilator  
  81  6:15  Probe  
  82  6:18  High Templar x4  
  82  6:20  Probe  
  82  6:23  Pylon  
  82  6:24  Archon  
  91  6:25  Archon, Pylon  
  91  6:27  Probe  
  92  6:36  Nexus  
  92  6:38  Pylon  
  92  6:41  Observer (Chrono Boost)  
  92  6:43  Pylon  
  92  6:45  Pylon  
  93  6:48  Probe  
  93  6:49  Probe  
  95  6:54  Immortal (Chrono Boost)  
  95  6:55  Probe  
  95  6:57  Stalker  
  95  6:58  Stalker x2  
  95  7:00  Probe  
  95  7:01  Probe  
  108  7:07  Probe  
  109  7:13  Phoenix (Chrono Boost)  
  111  7:16  Photon Cannon  
  111  7:20  Shield Battery  
  111  7:22  Photon Cannon, Pylon  
  111  7:23  High Templar  
  111  7:24  High Templar  
  111  7:27  Protoss Ground Weapons Level 2 (Chrono Boost)  
  115  7:30  Pylon  
  115  7:31  Phoenix (Chrono Boost), Immortal  
  115  7:32  Archon  
  121  7:41  Photon Cannon  
  121  7:44  Photon Cannon  
  121  7:46  Shield Battery, Phoenix, Pylon  
  124  7:51  Probe  
  124  7:53  Forge  
  124  7:54  Photon Cannon  
  124  7:55  Shield Battery  
  124  7:56  Probe x2  
  120  8:10  Stalker x5  
  130  8:16  Probe x2  
  126  8:25  Zealot x3  
  126  8:26  Probe (Chrono Boost)  
  121  8:27  Pylon  
  121  8:28  Immortal, Probe (Chrono Boost)  
  121  8:30  Probe (Chrono Boost)  
  125  8:36  Phoenix (Chrono Boost), Probe (Chrono Boost)  
  125  8:37  Assimilator  
  125  8:38  Assimilator  
  128  8:41  Probe (Chrono Boost)  
  128  8:42  Probe (Chrono Boost)  
  128  8:43  High Templar x4  
  128  8:47  Shield Battery, Archon x2  
  128  8:48  Probe  
  138  8:53  Photon Cannon  
  138  9:01  Photon Cannon  
  138  9:02  Shield Battery  
  138  9:03  Photon Cannon  
  133  9:14  Zealot x4  
  91  9:24  Zealot x4  
  93  9:35  High Templar x4  
  98  9:39  Archon  
  98  9:40  Archon  
  92  9:47  Zealot x4  
  90  10:07  Zealot x5  
  90  10:13  Stalker x2  
Tags
 
Add a new tag
Caveats
  • Supply blocks, unpowered buildings, or Contaminate may cause inaccurate times.
  • Supply counts are checked every 10 seconds.